 Dungeon Crawl Stone Soup version 0.19-a0-1238-gee6bd96 (webtiles) character file.

3469 PurpleRed the Destroyer (level 9, 45/45 HPs)
             Began as a Deep Elf Conjurer on Aug 26, 2016.
             Quit the game on level 8 of the Dungeon.
             The game lasted 00:26:25 (2870 turns).

PurpleRed the Destroyer (Deep Elf Conjurer)         Turns: 2870, Time: 00:26:26

Health: 45/45      AC:  6    Str:  5    XL:     9   Next: 79%
Magic:  14/24      EV: 13    Int: 28    God:
Gold:   72         SH:  0    Dex: 15    Spells: 4 memorised, 15 levels left

rFire  . . .     SeeInvis .     g - +7 quarterstaff (chaos)
rCold  . . .     Gourm    .     a - +0 robe
rNeg   + . .     Faith    .     (shield currently unavailable)
rPois  .         Spirit   .     s - +0 helmet
rElec  .         Dismiss  .     l - +0 cloak
rCorr  .         Reflect  .     p - +0 pair of gloves
MR     .....     Harm     .     C - +0 pair of boots
Stlth  ++........               q - amulet of regeneration
                                j - ring of positive energy
                                k - +4 ring of intelligence

@: no status effects
A: no striking features
a: no special abilities


You were on level 8 of the Dungeon.
You were very hungry.

You visited 2 branches of the dungeon, and saw 10 of its levels.

You collected 191 gold pieces.
You spent 119 gold pieces at shops.

Inventory:

Hand Weapons
 g - a +7 quarterstaff of chaos (weapon)
 i - a +0 dagger of distortion
Armour
 a - a +0 robe (worn)
 l - a +0 cloak (worn)
 p - a +0 pair of gloves (worn)
 r - a +1 animal skin
 s - a +0 helmet (worn)
 B - a +0 buckler
 C - a +0 pair of boots (worn)
Magical Staves
 v - an uncursed staff of air
Jewellery
 e - an uncursed amulet of dismissal
 j - a ring of positive energy (right hand)
 k - a +4 ring of intelligence (left hand)
 q - an amulet of regeneration (around neck)
Wands
 f - a wand of polymorph (14/24)
 h - a wand of digging (14/24)
 t - a wand of flame (24/48)
Scrolls
 m - 6 scrolls of remove curse
 x - 2 scrolls of identify
 A - a scroll of recharging
Potions
 n - 2 potions of agility
 o - a potion of cancellation
Books
 b - a book of Conjurations

   Spells                             Type                      Level
   a - Magic Dart                     Conjuration                  1
   b - Searing Ray                    Conjuration                  2
   c - Dazzling Spray                 Conjuration/Hexes            3
   d - Fulminant Prism                Conjuration/Hexes            4
   e - Iskenderun's Mystic Blast      Conjuration                  4
   f - Iskenderun's Battlesphere      Conjuration/Charms           5
 y - a book of Transfigurations

   Spells                             Type                      Level
   a - Irradiate                      Conjuration/Transmutation    5
   b - Statue Form                    Transmutation/Earth          6
   c - Hydra Form                     Transmutation                6
   d - Dragon Form                    Transmutation                7
Comestibles
 c - 4 bread rations
 d - 8 fruits
 u - 2 royal jellies
 w - a slice of pizza
 z - 2 meat rations


   Skills:
 - Level 2.4 Dodging
 - Level 2.4 Stealth
 + Level 9.8 Spellcasting
 * Level 11.7 Conjurations
 + Level 9.0 Charms


You had 15 spell levels left.
You knew the following spells:

 Your Spells              Type           Power        Failure   Level  Hunger
a - Magic Dart            Conj           ####         1%          1    None
b - Searing Ray           Conj           ######       1%          2    None
c - Iskenderun's Mystic   Conj           ######..     1%          4    None
d - Iskenderun's Battles  Conj/Chrm      ######..     1%          5    ####...


Dungeon Overview and Level Annotations

Branches:
Dungeon (9/15)             Temple (1/1) D:7
   Lair: D:8-11         Orc: D:9-12

Altars:
Ashenzari
Cheibriados
Dithmenos
Elyvilon
Fedhas
Gozag
Hepliaklqana
Kikubaaqudgha
Makhleb
Nemelex Xobeh
Okawaru
Qazlal
Ru
Sif Muna
Trog
Uskayaw
Xom
Yredelemnul
Zin
The Shining One

Shops:
D:4 ?   D:5 ?


Message History

There is an escape hatch in the ceiling here.
A mysterious force pulls you upwards. The hatch slams shut behind you.
An orc comes into view. It is wielding a hand axe.
The helpless orc fails to defend itself.
You hit the orc. You burn the orc.
You kill the orc!
Things that are here:
a hand axe; a ring mail You are feeling very hungry.
You fall through a shaft!
The shaft crumbles and collapses.
Quiver which item? (- for none, * to show all) (? for menu, Esc to quit)
Okay, then.
Welcome back, PurpleRed the Deep Elf Conjurer.
Press ? for a list of commands and other information.
Quiver which item? (- for none, * to show all) (? for menu, Esc to quit)
Okay, then.
Quiver which item? (- for none, * to show all) (? for menu, Esc to quit)
Okay, then.
Are you sure you want to abandon this character and quit the game? (Confirm with "yes".)

#...#......#.....
#...#......+.....
###########......#'####
#.....#...#.........#
#.....#...#.........#
#.....#...#.........#
#.....#...#.........#
#.....##'##.........###
#.....@......####'####.
#............#.........
#............#.........
#............#.........
#######............##########
#......##'####+###......#.###
#......#.........#......#....
#.?....#.........#....?.'....
#......#.........#......#....


There were no monsters in sight!

Vanquished Creatures
  A two-headed ogre (D:9)
  A polar bear (D:9)
  Prince Ribbit (D:5)
  A spriggan (D:9)
  A yak (D:9)
  A hippogriff (D:7)
  A hungry ghost (D:8)
  A water moccasin (D:7)
  An eye of draining (D:9)
  An ice beast (D:9)
  2 sky beasts
  7 ogres
  A wolf (D:9)
  A centaur (D:8)
  A giant frog (D:8)
  A water moccasin skeleton (D:7)
  4 scorpions
  A centaur zombie (D:5)
  A crimson imp (D:6)
  A giant frog skeleton (D:8)
  4 hounds
  4 orc priests
  Crazy Yiuf (D:4)
  3 iguanas
  6 orc wizards
  2 worker ants
  A hound skeleton (D:9)
  A worker ant zombie (D:8)
  Robin (D:4)
  2 howler monkey skeletons
  8 adders
  A white imp (D:8)
  2 oozes
  A worm (D:4)
  A giant gecko (D:6)
  16 orcs
  2 giant cockroaches
  13 goblins
  8 hobgoblins
  A kobold (D:2)
  4 quokkas
  3 bats (D:1)
  2 giant newts
  A jackal skeleton (D:4)
  A quokka skeleton (D:5)
  2 rats
121 creatures vanquished.

Notes
Turn   | Place    | Note
-------+----------+-------------------------------------------
     0 | D:1      | PurpleRed the Deep Elf Conjurer began the quest for the Orb.
     0 | D:1      | Reached XP level 1. HP: 10/10 MP: 6/6
   105 | D:1      | Reached XP level 2. HP: 15/15 MP: 0/8
   109 | D:1      | Learned a level 2 spell: Searing Ray
   322 | D:2      | Reached skill level 5 in Conjurations
   356 | D:2      | Reached XP level 3. HP: 14/19 MP: 3/10
   426 | D:3      | Found an opulent altar of Gozag.
   517 | D:4      | Reached XP level 4. HP: 14/24 MP: 9/12
   523 | D:4      | Learned a level 4 spell: Iskenderun's Mystic Blast
   552 | D:5      | Entered Level 5 of the Dungeon
   613 | D:4      | Reached skill level 6 in Conjurations
   626 | D:4      | Reached XP level 5. HP: 23/28 MP: 4/13
   633 | D:4      | Learned a level 5 spell: Iskenderun's Battlesphere
   636 | D:5      | Noticed Prince Ribbit
   694 | D:4      | Found a runed door.
   698 | D:4      | Noticed Crazy Yiuf
   702 | D:4      | Killed Crazy Yiuf
   702 | D:4      | Reached skill level 1 in Charms
   747 | D:5      | Reached skill level 5 in Spellcasting
   755 | D:5      | Reached XP level 6. HP: 13/32 MP: 0/15
   850 | D:4      | Reached skill level 7 in Conjurations
   962 | D:4      | Noticed Robin
  1031 | D:4      | Killed Robin
  1127 | D:4      | Found Utivuy's Magic Scroll Boutique.
  1132 | D:4      | Bought a scroll of remove curse for 42 gold pieces
  1237 | D:4      | Reached XP level 7. HP: 29/36 MP: 6/17
  1329 | D:5      | Found a basalt altar of Yredelemnul.
  1337 | D:5      | Reached skill level 8 in Conjurations
  1373 | D:5      | Killed Prince Ribbit
  1373 | D:5      | Reached skill level 5 in Charms
  1391 | D:5      | Found a shadowy altar of Dithmenos.
  1413 | D:5      | Reached XP level 8. HP: 36/41 MP: 4/20
  1588 | D:5      | Reached skill level 9 in Conjurations
  1768 | D:5      | Found Famoplas's Magic Scroll Shoppe.
  1776 | D:5      | Bought a scroll of magic mapping for 49 gold pieces
  1776 | D:5      | Bought a scroll of identify for 28 gold pieces
  1924 | D:7      | Found a staircase to the Ecumenical Temple.
  1950 | D:7      | Reached skill level 10 in Conjurations
  1954 | Temple   | Entered the Ecumenical Temple
  2170 | D:9      | Reached XP level 9. HP: 22/45 MP: 8/23
  2549 | D:9      | Noticed a polar bear
  2556 | D:9      | Killed a polar bear
  2556 | D:9      | Reached skill level 11 in Conjurations
  2869 | D:7      | You fall through a shaft!
  2870 | D:8      | Quit the game

Vault maps used:
D:1:      sevenhm_arrival_forest_fort_large_4
D:2:      kennysheep_pointless_box, uniq_sigmund
D:3:      grunt_gozag_statues, vehumet_crystals, first_bread, item_on_display_b
D:4:      serial_shops, kennysheep_little_box, uniq_robin,
          uniq_crazy_yiuf_cottage
D:5:      yredelemnul_altar_generic, serial_shops, shop,
          nicolae_dithmenos_through_a_glass_darkly, uniq_prince_ribbit1
D:9:      serial_ice, serial_ice_g, serial_ice_m, serial_ice_a, serial_ice_i,
          serial_bayou_pond_a, the_bakery
Temple:   regret_index_temple_mists

Skill      XL: |  1  2  3  4  5  6  7  8  9 |
---------------+----------------------------+-----
Conjurations   | 5 6 7 8 10 11 | 11.7
Spellcasting   | 4 5 6 8 9 |  9.8
Charms         | 2 3 5 7 9 |  9.0
Dodging        | |  2.4
Stealth        | |  2.4

Action                   |  1- 3 |  4- 6 |  7- 9 || total
-------------------------+-------+-------+-------++-------
Melee: Short sword       |    16 |    53 |       ||    69
       Quarterstaff      |       |     3 |    74 ||    77
 Cast: Magic Dart        |    37 |    24 |    60 ||   121
       Searing Ray       |     2 |    17 |     7 ||    26
       Iskenderun's Batt |       |       |    13 ||    13
       Iskenderun's Myst |       |       |     6 ||     6
  Use: Scroll            |       |    10 |    16 ||    26
       Potion            |       |     1 |     2 ||     3
 Stab: Sleeping          |     1 |       |     2 ||     3
       Invisible         |       |     2 |       ||     2
       Petrified         |       |       |    12 ||    12
       Paralysed         |       |       |     2 ||     2
  Eat: Chunk             |       |     1 |     8 ||     9
Armor: Robe              |    14 |    14 |    19 ||    47
Dodge: Dodged            |    38 |    63 |    64 ||   165
